 Dungeon Crawl Stone Soup version 0.28.0-53-g5a82cb258f (webtiles) character file.

Game seed: 2239737082709447860

251704 Jackthecabe the Devastator (level 19, -12/124 HPs)
             Began as a Tengu Air Elementalist on June 24, 2022.
             Was the Champion of Vehumet.
             Killed from afar by an ironbound frostheart (32 damage)
             ... by creeping frost
             ... on level 1 of the Vaults on June 25, 2022.
             The game lasted 04:22:52 (67994 turns).

Jackthecabe the Devastator (TeAE)                  Turns: 67994, Time: 04:22:52

Health: -12/124    AC: 10    Str: 11    XL:     19   Next: 66%
Magic:  6/37       EV: 27    Int: 22    God:    Vehumet [******]
Gold:   1657       SH: 10    Dex: 19    Spells: 3/44 levels left

rFire   + . .      SeeInvis .   b - staff of air {!a}
rCold   + . .      Faith    .   x - +3 warlock's mirror {reflect}
rNeg    + . .      Spirit   .   H - +2 robe {rC+ rF+}
rPois   .          Reflect  +   X - +0 hat "Ibougg" {+Inv}
rElec   +          Harm     .   i - +2 cloak {Stlth+}
rCorr   .          Rampage  .   l - +1 pair of gloves
Will    ++...                   (boots unavailable)
Stlth   +++++.....              J - amulet "Punijow" {rElec rN+ Regen+}
HPRegen 1.10/turn               E - +4 ring of evasion
MPRegen 0.25/turn               C - ring of Dithmenos's Vengeance {Will+ Str+2 Dex+3 Slay+4}

@: flying quickly and evasively, studying Air Magic, quick
A: beak, talons 3, nimble flight
}: 2/15 runes: serpentine, barnacled
a: Renounce Religion, Evoke Invisibility


You were on level 1 of the Vaults.
You worshipped Vehumet.
Vehumet was exalted by your worship.
You visited 7 branches of the dungeon, and saw 33 of its levels.
You also visited: Gauntlet, Ice Cave, Volcano and Wizlab.

You collected 2977 gold pieces.
You spent 1320 gold pieces at shops.


Innate Abilities, Weirdness & Mutations

You have a beak for a mouth.
You have claws for feet.
Your magical nature lets you fly swiftly and evasively.


   Skills:
 - Level 15.0 Fighting
 - Level 8.0 Armour
 - Level 12.0 Dodging
 - Level 8.0 Stealth
 - Level 8.0 Shields
 - Level 13.0 Spellcasting
 - Level 20.0 Conjurations
 - Level 10.0 Summonings
 + Level 17.7 Air Magic
 - Level 12.0 Evocations


You had 3 spell levels left.
You knew the following spells:

 Your Spells              Type           Power      Damage    Failure   Level
a - Airstrike             Air            47%        N/A       1%          4
d - Orb of Destruction    Conj           40%        9d11      1%          7
f - Freezing Cloud        Conj/Ice/Air   40%        6-21      1%          5
i - Swiftness             Air            95%        N/A       0%          3
l - Lightning Bolt        Conj/Air       49%        1d69      1%          5
m - Mephitic Cloud        Conj/Pois/Air  81%        N/A       1%          3
s - Spellforged Servitor  Conj/Summ      34%        N/A       2%          7
z - Shock                 Conj/Air       100%       1d9       0%          1
X - Conjure Ball Lightni  Conj/Air       49%        3x3d17    1%          6

Your spell library contained the following spells:

 Spells                   Type           Power      Damage    Failure   Level
 Chain Lightning          Conj/Air       49%        3d65      50%         9
 Fire Storm               Conj/Fire      27%        8d7       100%        9
 Shatter                  Erth           7%         3d9*      100%        9
 Magic Dart               Conj           100%       1d8       0%          1
 Searing Ray              Conj           100%       2d8       0%          2
 Static Discharge         Conj/Air       98%        N/A       0%          2
 Foxfire                  Conj/Fire      100%       2x1d9     1%          1
 Sandblast                Erth           28%        2d8       1%          1
 Poisonous Vapours        Pois/Air       100%       N/A       1%          2
 Conjure Flame            Conj/Fire      55%        6-21      1%          3
 Dazzling Flash           Conj/Hex       100%       N/A       1%          3
 Stone Arrow              Conj/Erth      100%       3d13      1%          3
 Summon Guardian Golem    Hex/Summ       36%        N/A       1%          3
 Scorch                   Fire           28%        2d6       2%          2
 Inner Flame              Hex/Fire       14%        N/A       4%          3
 Pain                     Necr           56%        1d6       5%          1
 Sting                    Tmut/Pois      56%        1d5       5%          1
 Ensorcelled Hibernation  Hex/Ice        28%        N/A       9%          2
 Passwall                 Tmut/Erth      11%        N/A       9%          2
 Sublimation of Blood     Necr           14%        N/A       9%          2
 Wereblood                Tmut           14%        N/A       9%          2
 Confusing Touch          Hex            14%        N/A       16%         3
 Portal Projectile        Hex/Tloc       28%        N/A       16%         3
 Flame Wave               Conj/Fire      55%        2d11      1%          4
 Fulminant Prism          Conj/Hex       27%        3d14      1%          4
 Sticky Flame             Conj/Fire      55%        2d7       1%          4
 Irradiate                Conj/Tmut      27%        3d22      1%          5
 Silence                  Hex/Air        34%        N/A       4%          5
 Animate Armour           Summ/Erth      72%        N/A       7%          4
 Olgreb's Toxic Radiance  Pois           14%        N/A       14%         4
 Summon Cactus Giant      Summ           27%        N/A       14%         6
 Summon Forest            Summ/Tloc      18%        N/A       19%         5
 Summon Mana Viper        Hex/Summ       36%        N/A       19%         5
 Yara's Violent Unravell  Hex/Tmut       7%         3d5       36%         5
 Animate Dead             Necr           7%         N/A       47%         4
 Summon Hydra             Summ           27%        N/A       58%         7
 Lehudib's Crystal Spear  Conj/Erth      27%        10d7      78%         8
 Agony                    Necr           14%        N/A       83%         5
 Alistair's Intoxication  Tmut/Pois      9%         N/A       83%         5
 Blade Hands              Tmut           7%         N/A       83%         5
 Borgnjor's Vile Clutch   Necr/Erth      7%         N/A       83%         5
 Excruciating Wounds      Necr           7%         N/A       83%         5
 Eringya's Noxious Bog    Tmut/Pois      7%         N/A       87%         6
 Death Channel            Necr           7%         N/A       100%        6
 Dragon Form              Tmut           7%         N/A       100%        7
 Enfeeble                 Hex            7%         N/A       100%        7

Inventory:

Hand Weapons
 a - a +6 vorpal demon trident
Missiles
 f - 5 throwing nets {=f}
 L - 15 curare-tipped darts {=f}
Armour
 i - a +2 cloak of stealth (worn)
 l - a +1 pair of gloves (worn)
 x - the +3 warlock's mirror (worn) {reflect}
   (You found it in a wizard's laboratory)

   It can block and reflect piercing ranged attacks and magical attacks against
   the wielder's willpower.
 H - a +2 robe of resistance (worn)
 T - quicksilver dragon scales
 U - a +3 buckler
 X - the +0 hat "Ibougg" (worn) {+Inv}
   (You found it in a Gauntlet)

   +Inv:      It lets you turn invisible.
Magical Staves
 b - a staff of air (weapon) {!a}
Jewellery
 c - a ring of protection from cold
 v - a ring of see invisible
 w - a ring of willpower
 C - the ring of Dithmenos's Vengeance (right hand) {Will+ Str+2 Dex+3 Slay+4}
   (You found it on level 4 of the Shoals)

   [ring of slaying]

   Str:       It affects your strength (+2).
   Dex:       It affects your dexterity (+3).
   Slay:      It affects your accuracy & damage with ranged weapons and melee
   (+4).
   Will:      It increases your willpower.
 E - a +4 ring of evasion (left hand)
 F - a ring of fire
 J - the amulet "Punijow" (around neck) {rElec rN+ Regen+}
   (You found it in a Gauntlet)

   [amulet of regeneration]

   rElec:     It insulates you from electricity.
   rN:        It protects you from negative energy.
   Regen:     It increases your rate of health regeneration.
 M - an amulet of reflection
 R - a ring of resist corrosion
 W - a ring of willpower
Wands
 n - a wand of paralysis (4)
 r - a wand of iceblast (31)
 z - a wand of mindburst (9)
 B - a wand of digging (5)
 I - a wand of flame (50)
 K - a wand of polymorph (25)
 O - a wand of acid (32)
 Q - a wand of charming (6)
Scrolls
 h - 7 scrolls of immolation
 q - 10 scrolls of fear
 u - 3 scrolls of enchant weapon
 D - 13 scrolls of teleportation {@r2}
 G - a scroll of amnesia
 N - 2 scrolls of holy word
 P - 2 scrolls of summoning
 V - 2 scrolls of fog
Potions
 d - 5 potions of resistance
 g - 11 potions of might
 j - 7 potions of mutation
 k - 6 potions of lignification
 m - 3 potions of magic
 o - 16 potions of curing {@q1}
 p - 3 potions of haste {@q3}
 s - 4 potions of ambrosia
 t - 2 potions of cancellation
 y - a potion of brilliance
 A - a potion of invisibility
 Z - 3 potions of attraction
Miscellaneous
 e - a lightning rod (4/4)
 Y - a condenser vane

Dungeon Overview and Level Annotations

Branches:
Dungeon (15/15)            Temple (1/1) D:4            Lair (6/6) D:8
 Shoals (4/4) Lair:4        Snake (4/4) Lair:3        Slime (0/5) Lair:6
    Orc (2/2) D:11            Elf (0/3) Orc:2        Vaults (1/5) D:14
 Depths (0/4) D:15          IceCv (visited)         Volcano (visited)
 WizLab (visited)         Gauntlet (visited)

Altars:
Ashenzari
Cheibriados
Dithmenos
Elyvilon
Fedhas
Gozag
Hepliaklqana
Kikubaaqudgha
Makhleb
Nemelex Xobeh
Okawaru
Qazlal
Ru
Sif Muna
Trog
Uskayaw
Vehumet
Wu Jian
Xom
Yredelemnul
Zin
The Shining One
Jiyva

Shops:
D:5 [   D:11 ([(   D:12 !   Orc:2 *([?   Shoals:1 **   Shoals:3 (

Annotations:
D:7 Maggie
D:8 Joseph
D:10 3 runed translucent doors
Lair:5 1 runed translucent door
Snake:1 1 runed translucent door, WaxSun's ghost, journeyman DjCj
Snake:2 3 runed translucent doors, Zeld's ghost, adept MiBe

*,,,,,,,+..########,,,,,,,
*,,,,,,,+.........+,,,**,*
*,,,,,,,*.........#,,,**,*
*,,,,,,,*........|########
*,,,,,,,*.....§§§§§....p.p
*********.....§§§§§.......
##########§#########
#.....§p§§§p§..#
#..@..§§§§§§...#
#..##########..#
#..#,,,,,,,,*..#****
#..#,,,,,,,,*,.#,,,,
#..#,,*++*,,*,,#,,,*
#..#,,*,,*,,*,,*,,,*
#..#,,*,,*,,*,,*,,,,
#########..#,,****,,*,,*,,,,
#.....[.#..#,,,,,,,,*,,***,,


You could see an ironbound frostheart.


Message History

Your spellforged servitor disappears in a puff of smoke!
The yaktaur shoots a bolt.
The bolt hits you!!
* * * LOW HITPOINT WARNING * * *
Unknown command.
Okay, then.
Blink to where?
Press: ? - help, Dir - move target, p - yaktaur
As you read the scroll of blinking, it crumbles to dust.
The boulder beetle leaps!
Blink to where?
Press: ? - help, Dir - move target
As you read the scroll of blinking, it crumbles to dust.
The ironbound frostheart calls freezing cold from the walls.
The frost grips you! You partially resist.
* * * LOW HITPOINT WARNING * * *
Unknown command.
The ice encasing you melts away.
Press: ? - help, v - describe, . - travel
Here: an ironbound frostheart, wearing a +0 scale mail The floor.
Hit: b) staff of air {!a}
Press: ? - help, Dir - move target, f - you
Okay, then.
An ironbound frostheart comes into view.
There is an open door here.
As you read the scroll of fog, it crumbles to dust.
The scroll dissolves into smoke.
The ironbound frostheart calls freezing cold from the walls.
The frost grips you!! You partially resist.
You die...

Skill      XL: |  1  2  3  4  5  6  7  8  9 10 11 12 13 14 15 16 17 18 19 |
---------------+----------------------------------------------------------+-----
Air Magic      | 5 6 7 8 10 15 17 | 17.7
Spellcasting   | 3 4 5 8 9 10 11 12 13 | 13.0
Fighting       | 1 7 8 11 12 13 15 | 15.0
Stealth        | 8 |  8.0
Dodging        | 8 12 | 12.0
Conjurations   | 7 10 12 14 15 20 | 20.0
Evocations     | 4 10 12 | 12.0
Shields        | 2 8 |  8.0
Armour         | 8 |  8.0
Summonings     | 10 | 10.0

Action                   |  1- 3 |  4- 6 |  7- 9 | 10-12 | 13-15 | 16-18 | 19-21 || total
-------------------------+-------+-------+-------+-------+-------+-------+-------++-------
Melee: Unarmed           |     1 |       |     2 |     1 |       |       |       ||     4
       Kick              |     1 |       |     1 |       |    17 |    73 |    15 ||   107
       Quarterstaff      |       |       |       |       |    30 |       |       ||    30
       Peck              |       |       |       |       |     8 |    42 |    16 ||    66
       Staff             |       |       |       |       |     4 |   147 |    32 ||   183
       Demon trident     |       |       |       |       |       |    16 |       ||    16
 Cast: Shock             |    71 |   127 |   114 |   110 |    37 |    16 |     4 ||   479
       Airstrike         |       |       |    56 |   318 |   763 |   692 |   163 ||  1992
       Swiftness         |       |       |       |     6 |     2 |     4 |     3 ||    15
       Mephitic Cloud    |       |       |       |     3 |     7 |     3 |       ||    13
       Fulminant Prism   |       |       |       |    16 |     2 |       |       ||    18
       Lightning Bolt    |       |       |       |       |   184 |    56 |     7 ||   247
       Conjure Ball Ligh |       |       |       |       |    14 |     1 |       ||    15
       Orb of Destructio |       |       |       |       |       |   238 |    38 ||   276
       Freezing Cloud    |       |       |       |       |       |    27 |     1 ||    28
       Spellforged Servi |       |       |       |       |       |     7 |    22 ||    29
Evoke: Wand              |       |       |       |       |     9 |     3 |       ||    12
       Lightning rod     |       |       |       |       |       |     8 |       ||     8
       Condenser vane    |       |       |       |       |       |     1 |       ||     1
  Use: Scroll            |       |       |    16 |     3 |    15 |    16 |     4 ||    54
       Potion            |       |       |       |     1 |     3 |     3 |     3 ||    10
 Stab: Distracted        |       |       |       |       |       |       |     2 ||     2
Armor: Robe              |       |     4 |    16 |    13 |    28 |    23 |     7 ||    91
       Quicksilver drago |       |       |       |       |    46 |    78 |       ||   124
Dodge: Dodged            |     4 |    19 |    52 |   140 |   384 |   471 |    81 ||  1151
Block: Buckler           |       |       |       |       |    48 |   254 |    42 ||   344
       Reflection        |       |       |       |       |       |       |     6 ||     6

Levels and vault maps discovered:
D:1:      nicolae_arrival_somewhat_less_tricky_arrival, layout_basic,
          shapermc_ecumenical_altar_notcrosses
D:2:      layout_rooms
D:3:      layout_loops_cross
D:4:      layout_gridville, lemuel_temple_firewalk_b, wad_orctagon
D:5:      layout_loops_ring, nicolae_shop_dragon_depot
D:6:      layout_gridville, grunt_decor_junction,
          hangedman_abyss_or_decor_stagger, minivault_19
D:7:      layout_loops_ring, uniq_maggie
D:8:      layout_basic, lair_entry_dummy, uniq_joseph
D:9:      layout_long_grid, uniq_grum
D:10:     layout_layer_cave, ashenzari_altar_1,
          ploomutoo_gammafunk_ghost_potion_laboratory, nicolae_rejected_hall
D:11:     layout_roguey, kennysheep_orc_monster_closet_entryway, serial_shops,
          nicolae_lakefront_shop, nicolae_shop_bloodbath_and_beyond, shop,
          portal_ice_cave_entry_ice_simulacra, kennysheep_generic_room_4
D:12:     layout_roguey, serial_shops, nicolae_stop_n_shop_1, uniq_maurice
D:13:     layout_rooms
D:14:     layout_rooms, grunt_vaults_entry_tiered, nrook_guardian_serpent_double
D:15:     grunt_enter_depths_snipers, layout_cave_pools, gauntlet_entry_generic
Temple:   mainiacjoe_temple_circle_huts
Lair:1:   layout_hall_layers, serial_rivers, chequers_serial_rivers_micro_e,
          chequers_serial_rivers_small_b, chequers_serial_rivers_small_3,
          chequers_serial_rivers_small_a, chequers_serial_rivers_marsh,
          chequers_serial_rivers_small_a
Lair:2:   layout_cave_pods, serial_bayou_lagoon_a,
          nicolae_lair_grove_arrangements, serial_bayou_shore_a
Lair:3:   layout_regular_city, guppyfry_snake_entry_island,
          infiniplex_staircase_pool, lemuel_fruit_tree, grunt_megastairs_1,
          uniq_nergalle, uniq_fannar
Lair:4:   cheibrodos_magma_flow, layout_loops_ring,
          minmay_shoals_entry_centaurs, beast_lair_carwin_10, grunt_megastairs_3
Lair:5:   layout_cave_pods, pf_torpor_hydra
Lair:6:   evilmike_catoblepas_cave, layout_gridlike, slime_altar_1, st_stairs_9,
          nicolae_quartered_pool_impasse, grunt_megastairs_2,
          serial_bayou_shore_b, uniq_rupert, uniq_josephine
Shoals:1: layout_shoals, nicolae_specific_store
Shoals:2: layout_shoals, nicolae_shoals_isolated_beach, uniq_ilsuiw,
          uniq_mlioglotl
Shoals:3: layout_shoals, serial_shops, nicolae_lakefront_shop,
          nicolae_shoals_circle_sea_wall
Shoals:4: shoals_end_simple, layout_shoals, nicolae_shoals_kraken_intersection
Snake:1:  layout_misc_corridors, ebering_ghost_inner_flame
Snake:2:  layout_onion_interference, special_room, ebering_ghost_rock_garden
Snake:3:  layout_misc_corridors
Snake:4:  johnstein_snake_rune_scales, layout_onion_interference, uniq_aizul,
          uniq_asterion
Orc:1:    layout_diamond_mine, serial_shops, enter_volcano_1
Orc:2:    st_orc_rangers, layout_caves
Vaults:1: mu_enter_wizlab_6, ontoclasm_vaults_twist, v_misc_19, st_squares,
          ontoclasm_vaults_ligature, vaults_dpeg_spiral, v_alt_pattern_1,
          v_misc_18, v_pattern_2, v_rooms_1, ontoclasm_vaults_fault,
          vaults_dpeg_diagonal, layout_vaults_omnibox

Notes
Turn   | Place    | Note
-------+----------+-------------------------------------------
     0 | D:1      | Jackthecabe the Tengu Air Elementalist began the quest for
                  | the Orb.
     0 | D:1      | Reached XP level 1. HP: 10/10 MP: 4/4
   298 | D:1      | Reached XP level 2. HP: 15/15 MP: 3/6
   432 | D:1      | Found a faded altar of an unknown god.
   897 | D:1      | Reached skill level 5 in Air Magic
   957 | D:1      | Reached XP level 3. HP: 19/19 MP: 4/7
  1811 | D:2      | Reached XP level 4. HP: 24/24 MP: 3/9
  1916 | D:2      | Reached skill level 6 in Air Magic
  2118 | D:2      | Reached skill level 3 in Spellcasting
  2255 | D:2      | Gained mutation: Your magical nature lets you fly swiftly
                  | and evasively. [Tengu growth]
  2255 | D:2      | Reached XP level 5. HP: 28/28 MP: 6/10
  3187 | D:3      | Learned a level 3 spell: Swiftness
  3192 | D:3      | Learned a level 4 spell: Airstrike
  3242 | D:4      | Reached skill level 7 in Air Magic
  3347 | D:4      | Noticed an ogre
  3374 | D:4      | Killed an ogre
  3375 | D:4      | Reached XP level 6. HP: 32/32 MP: 7/12
  4168 | D:4      | Found a staircase to the Ecumenical Temple.
  4177 | Temple   | Entered the Ecumenical Temple
  4201 | Temple   | Became a worshipper of Vehumet
  4754 | D:5      | Entered Level 5 of the Dungeon
  4803 | D:5      | Found Earendil's Dragon-Slaying Spoils.
  4928 | D:5      | Reached skill level 8 in Air Magic
  5141 | D:5      | Reached skill level 4 in Spellcasting
  5148 | D:5      | Reached XP level 7. HP: 36/36 MP: 3/14
  5428 | D:5      | Reached skill level 9 in Air Magic
  5659 | D:5      | Reached skill level 10 in Air Magic
  6034 | D:6      | Reached skill level 5 in Spellcasting
  6034 | D:6      | Reached skill level 1 in Fighting
  6034 | D:6      | Reached XP level 8. HP: 44/44 MP: 11/16
  6047 | D:6      | Reached skill level 2 in Fighting
  6081 | D:6      | Reached skill level 3 in Fighting
  6765 | D:6      | Identified the +3 ring mail of the Iron Devil {+Inv rF-
                  | Will+++}
  6909 | D:7      | Reached skill level 4 in Fighting
  7055 | D:7      | Reached * piety under Vehumet
  7055 | D:7      | Offered knowledge of Magic Dart by Vehumet.
  7157 | D:7      | Noticed Maggie
  7211 | D:7      | Reached skill level 5 in Fighting
  7218 | D:7      | Identified a +2 robe of resistance
  7352 | D:7      | Reached skill level 6 in Fighting
  7497 | D:7      | Noticed a wyvern
  7501 | D:7      | Killed a wyvern
  7704 | D:7      | Reached skill level 7 in Fighting
  7704 | D:7      | Reached XP level 9. HP: 57/57 MP: 2/17
  8065 | D:8      | Noticed Joseph
  8378 | D:8      | Reached skill level 8 in Fighting
  8539 | D:8      | Reached skill level 3 in Stealth
  8549 | D:8      | Reached skill level 4 in Stealth
  8550 | D:8      | Reached skill level 5 in Stealth
  8568 | D:8      | Reached skill level 6 in Stealth
  8569 | D:8      | Reached skill level 7 in Stealth
  8800 | D:8      | Found a staircase to the Lair.
  9177 | D:9      | Reached skill level 8 in Stealth
  9177 | D:9      | Reached XP level 10. HP: 64/64 MP: 10/18
  9201 | D:9      | Noticed a centaur warrior
  9267 | D:9      | Reached skill level 3 in Dodging
  9634 | D:9      | Reached skill level 4 in Dodging
  9881 | D:9      | Offered knowledge of Poisonous Vapours by Vehumet.
  9934 | D:9      | Noticed Grum
  9938 | D:9      | Killed Grum
  9938 | D:9      | Reached ** piety under Vehumet
  9939 | D:9      | Reached skill level 5 in Dodging
 10250 | D:9      | Reached skill level 6 in Dodging
 10722 | D:10     | Entered Level 10 of the Dungeon
 10846 | D:10     | Reached skill level 7 in Dodging
 11127 | D:10     | Reached skill level 8 in Dodging
 11127 | D:10     | Reached skill level 2 in Conjurations
 11261 | D:10     | Noticed a flayed ghost
 11261 | D:10     | Noticed a deep elf zephyrmancer
 11284 | D:10     | Killed a deep elf zephyrmancer
 11285 | D:10     | Reached skill level 4 in Conjurations
 11304 | D:9      | HP: 2/64 [something (5)]
 11622 | D:8      | Reached skill level 5 in Conjurations
 11734 | D:10     | Reached skill level 6 in Conjurations
 11819 | D:10     | Noticed an ettin
 11824 | D:10     | Noticed a centaur warrior
 11900 | D:10     | Reached skill level 7 in Conjurations
 11900 | D:10     | Reached XP level 11. HP: 68/68 MP: 2/19
 12139 | D:10     | Reached skill level 8 in Conjurations
 12312 | D:10     | Found a runed translucent gate.
 12312 | D:10     | Found a runed translucent gate.
 12313 | D:10     | Found a runed translucent gate.
 12315 | D:10     | Noticed a cyan ugly thing
 12315 | D:10     | Noticed a green ugly thing
 12319 | D:10     | Noticed a cyan ugly thing
 12320 | D:10     | Noticed a glowing orange brain
 12376 | D:10     | Found a broken altar of Ashenzari.
 12389 | D:10     | Reached skill level 9 in Conjurations
 13370 | Lair:1   | Entered Level 1 of the Lair of Beasts
 13403 | D:8      | Reached skill level 10 in Conjurations
 13940 | Lair:1   | Offered knowledge of Mephitic Cloud by Vehumet.
 14029 | Lair:1   | Learned a level 3 spell: Mephitic Cloud
 14128 | Lair:1   | Reached skill level 9 in Fighting
 14276 | Lair:1   | Noticed an eight-headed hydra
 14302 | Lair:1   | Killed an eight-headed hydra
 14302 | Lair:1   | Reached *** piety under Vehumet
 14303 | Lair:1   | Reached skill level 10 in Fighting
 14539 | Lair:1   | Noticed a six-headed hydra
 14902 | Lair:1   | Killed a six-headed hydra
 14903 | Lair:1   | Reached skill level 11 in Fighting
 15064 | Lair:1   | Reached XP level 12. HP: 80/80 MP: 8/20
 15434 | Lair:2   | Offered knowledge of Fulminant Prism by Vehumet.
 15735 | Lair:2   | Reached skill level 12 in Fighting
 16055 | Lair:2   | Learned a level 4 spell: Fulminant Prism
 16236 | Lair:2   | Reached skill level 11 in Conjurations
 17005 | Lair:3   | Reached skill level 12 in Conjurations
 17217 | Lair:3   | Noticed Fannar
 17295 | Lair:2   | Reached skill level 6 in Spellcasting
 17611 | Lair:3   | Reached **** piety under Vehumet
 17839 | Lair:3   | Noticed Nergalle
 17850 | Lair:3   | Found a staircase to the Snake Pit.
 17905 | Lair:4   | Reached skill level 7 in Spellcasting
 18201 | Lair:5   | Noticed an eight-headed hydra
 18276 | Lair:3   | Noticed a seven-headed hydra
 18345 | Lair:3   | Killed a seven-headed hydra
 18499 | Lair:3   | Offered knowledge of Lightning Bolt by Vehumet.
 18500 | Lair:3   | Reached skill level 8 in Spellcasting
 18503 | Lair:3   | Reached skill level 1 in Evocations
 18520 | Lair:3   | Learned a level 5 spell: Lightning Bolt
 18592 | Lair:3   | Killed Fannar
 18593 | Lair:3   | Reached skill level 3 in Evocations
 18854 | Lair:3   | Reached skill level 4 in Evocations
 18957 | Lair:3   | Reached XP level 13. HP: 86/86 MP: 3/26
 19009 | Lair:3   | Reached skill level 5 in Evocations
 19349 | Lair:3   | Killed Nergalle
 19571 | Lair:3   | Reached skill level 6 in Evocations
 19823 | Lair:4   | Reached skill level 7 in Evocations
 20404 | Lair:4   | Reached skill level 8 in Evocations
 20846 | Lair:5   | Found a runed translucent door.
 20930 | Lair:5   | Reached ***** piety under Vehumet
 20931 | Lair:5   | Reached skill level 9 in Evocations
 21005 | Lair:5   | Offered knowledge of Conjure Ball Lightning by Vehumet.
 21206 | Lair:5   | Reached skill level 10 in Evocations
 21487 | Lair:4   | Found a staircase to the Shoals.
 21548 | Lair:4   | Reached skill level 9 in Spellcasting
 22384 | Lair:6   | Entered Level 6 of the Lair of Beasts
 22670 | Lair:6   | Noticed Rupert
 23066 | Lair:5   | Reached XP level 14. HP: 69/92 MP: 18/28
 23333 | Lair:6   | Reached skill level 10 in Spellcasting
 23680 | Lair:4   | Reached skill level 13 in Conjurations
 24312 | D:5      | Bought quicksilver dragon scales for 720 gold pieces
 24329 | D:5      | Learned a level 6 spell: Conjure Ball Lightning
 25096 | Lair:6   | Killed Rupert
 25292 | Lair:6   | Found a staircase to the Slime Pits.
 25292 | Lair:6   | Found a viscous altar of Jiyva.
 25398 | Lair:6   | Reached skill level 14 in Conjurations
 25608 | Lair:6   | Noticed Josephine
 25611 | Lair:6   | Killed Josephine
 25694 | Lair:6   | Reached skill level 11 in Air Magic
 26182 | Lair:6   | Reached skill level 12 in Air Magic
 26475 | Lair:6   | Reached skill level 13 in Air Magic
 28153 | D:10     | Reached skill level 14 in Air Magic
 28577 | D:10     | HP: 8/92 [yaktaur captain/bolt (24)]
 29064 | D:10     | Offered knowledge of Freezing Cloud by Vehumet.
 29074 | D:10     | Learned a level 5 spell: Freezing Cloud
 29125 | D:10     | Identified the +2 shortbow "Kotel" {freeze, rN+}
 29149 | D:10     | Reached skill level 15 in Air Magic
 29149 | D:10     | Reached skill level 1 in Shields
 29404 | D:10     | Reached skill level 2 in Shields
 29404 | D:10     | Reached XP level 15. HP: 96/96 MP: 6/30
 30090 | D:10     | Reached skill level 3 in Shields
 30155 | D:10     | Reached skill level 4 in Shields
 30180 | D:10     | Noticed a storm dragon
 30180 | D:10     | a seven-headed hydra changed into a storm dragon
 30277 | D:11     | Found a frozen archway.
 30300 | D:11     | Found Yrhuku's Weapon Emporium.
 30315 | IceCv    | Entered an ice cave
 30810 | IceCv    | Reached skill level 5 in Shields
 31366 | D:11     | Found Ceciruv's Antique Armour Emporium.
 31392 | D:11     | Reached skill level 6 in Shields
 31572 | D:11     | Found Icsyloji's Antique Weapon Shop.
 31581 | D:11     | Bought a crude great sword for 287 gold pieces
 31581 | D:11     | Identified the +3 great sword of Niuxkarph {antimagic,
                  | rElec rC- Dex+4 Stlth+} (You bought it in a shop on level
                  | 11 of the Dungeon)
 31885 | D:11     | Found a staircase to the Orcish Mines.
 32050 | Orc:1    | Entered Level 1 of the Orcish Mines
 32096 | Orc:2    | Entered Level 2 of the Orcish Mines
 32146 | Orc:2    | Noticed an orc warlord
 32266 | Orc:2    | Found a staircase to the Elven Halls.
 32632 | Orc:1    | HP: 4/96 [ogre/+0 giant club (21)]
 32636 | Orc:1    | Reached skill level 7 in Shields
 32658 | Orc:1    | Found a dark tunnel.
 32670 | Volcano  | Entered a volcano
 33617 | Orc:2    | Offered knowledge of Ozocubu's Refrigeration by Vehumet.
 34080 | Orc:2    | Killed an orc warlord
 34204 | Orc:2    | Reached skill level 8 in Shields
 34586 | Orc:2    | Found Vixog's Weapon Shoppe.
 34586 | Orc:2    | Found Hulus's Armour Boutique.
 34586 | Orc:2    | Found Gaadwoz's Magic Scroll Shop.
 34589 | Orc:2    | Found Codghuw's Assorted Antiques.
 34596 | Orc:2    | Bought a scroll of fear for 49 gold pieces
 35357 | D:12     | Found Letatt's Distillery.
 35366 | D:12     | Bought a potion of brilliance for 44 gold pieces
 35366 | D:12     | Bought a potion of resistance for 110 gold pieces
 35366 | D:12     | Bought a potion of haste for 110 gold pieces
 35656 | D:12     | Reached skill level 15 in Conjurations
 35942 | D:12     | Noticed Maurice
 35946 | D:12     | Killed Maurice
 36874 | D:13     | Reached skill level 11 in Spellcasting
 36886 | D:13     | Identified the +3 shortbow "Qoluhearr" {venom, Drain *Slow
                  | rC+ Str+8}
 37427 | D:14     | Offered knowledge of Fireball by Vehumet.
 37944 | D:14     | Reached XP level 16. HP: 101/101 MP: 15/32
 37990 | D:14     | Learned a level 7 spell: Orb of Destruction
 38015 | D:14     | Reached skill level 12 in Spellcasting
 38560 | D:14     | Reached skill level 16 in Conjurations
 38740 | D:14     | Reached ****** piety under Vehumet
 38800 | D:14     | Found a gate to the Vaults.
 39278 | D:15     | Entered Level 15 of the Dungeon
 39300 | D:15     | Found a gate leading to a gauntlet.
 39311 | Gauntlet | Entered a Gauntlet
 39311 | Gauntlet | Found a transporter.
 39311 | Gauntlet | Found a transporter.
 39315 | Gauntlet | Found a transporter.
 39315 | Gauntlet | Found a transporter.
 39323 | Gauntlet | Found a transporter.
 39343 | Gauntlet | Identified the amulet "Punijow" {rElec rN+ Regen+}
 39468 | Gauntlet | Found a transporter.
 39512 | Gauntlet | Offered knowledge of Iron Shot by Vehumet.
 39628 | Gauntlet | Found a transporter.
 39633 | Gauntlet | Identified the +0 hat "Ibougg" {+Inv}
 39656 | Gauntlet | Found a transporter.
 39660 | Gauntlet | Found a transporter.
 39668 | Gauntlet | Found a transporter.
 39673 | Gauntlet | Found a transporter.
 39950 | Gauntlet | Identified the +1 ring mail of Immorality {+Blink}
 40002 | D:15     | Reached skill level 17 in Conjurations
 41335 | D:15     | Reached skill level 18 in Conjurations
 41448 | D:15     | Found a staircase to the Depths.
 42095 | Shoals:1 | Entered Level 1 of the Shoals
 43302 | Shoals:1 | Found Vekkocuq's General Store.
 43306 | Shoals:1 | Found Sixtinai's Specific Store.
 43636 | Shoals:1 | Reached skill level 19 in Conjurations
 44429 | Shoals:2 | Noticed Mlioglotl
 44451 | Shoals:1 | Killed Mlioglotl
 45253 | Shoals:2 | Offered knowledge of Starburst by Vehumet.
 45258 | Shoals:2 | Reached skill level 20 in Conjurations
 45677 | Shoals:2 | Noticed Ilsuiw
 45820 | Shoals:2 | Reached XP level 17. HP: 106/106 MP: 25/34
 45983 | Shoals:2 | Killed Ilsuiw
 46896 | Shoals:2 | Noticed a kraken
 46960 | Shoals:2 | Killed a kraken
 46961 | Shoals:2 | Reached skill level 11 in Evocations
 47910 | Shoals:3 | Reached skill level 12 in Evocations
 47946 | Shoals:3 | Reached skill level 1 in Armour
 48091 | Shoals:3 | Reached skill level 2 in Armour
 48259 | Shoals:3 | Found Atozxaps's Antique Weapon Shoppe.
 48352 | Shoals:3 | Reached skill level 3 in Armour
 48737 | Shoals:3 | Reached skill level 4 in Armour
 49713 | Shoals:4 | Entered Level 4 of the Shoals
 49769 | Shoals:4 | Reached skill level 5 in Armour
 49825 | Shoals:4 | Noticed a kraken
 49846 | Shoals:4 | Killed a kraken
 50108 | Shoals:4 | Reached skill level 6 in Armour
 50609 | Shoals:4 | Reached skill level 7 in Armour
 50743 | Shoals:4 | Identified the ring of Dithmenos's Vengeance {Will+ Str+2
                  | Dex+3 Slay+4}
 51316 | Shoals:4 | Reached skill level 8 in Armour
 52517 | Shoals:4 | Reached skill level 13 in Fighting
 52645 | Shoals:4 | Offered knowledge of Maxwell's Capacitive Coupling by
                  | Vehumet.
 52917 | Shoals:4 | Got a barnacled rune of Zot
 53121 | Shoals:4 | Got the Collected Works on Battle Magic
 53710 | Snake:1  | Entered Level 1 of the Snake Pit
 53894 | Snake:1  | Reached XP level 18. HP: 116/116 MP: 27/35
 54541 | Snake:1  | Found a runed translucent door.
 54547 | Snake:1  | Noticed WaxSun's ghost (journeyman DjCj)
 54669 | Snake:1  | Reached skill level 14 in Fighting
 56329 | Snake:2  | Found a runed translucent gate.
 56329 | Snake:2  | Found a runed translucent gate.
 56330 | Snake:2  | Found a runed translucent gate.
 56330 | Snake:2  | Noticed Zeld's ghost (adept MiBe)
 56443 | Snake:2  | Reached skill level 15 in Fighting
 56451 | Snake:2  | Learned a level 7 spell: Spellforged Servitor
 58828 | Snake:3  | Reached skill level 13 in Spellcasting
 58970 | Snake:3  | Reached skill level 1 in Summonings
 59028 | Snake:3  | Reached skill level 2 in Summonings
 59424 | Snake:3  | Reached skill level 3 in Summonings
 59737 | Snake:3  | Reached skill level 4 in Summonings
 60213 | Snake:3  | Reached skill level 5 in Summonings
 60459 | Snake:4  | Entered Level 4 of the Snake Pit
 60541 | Snake:4  | Reached skill level 6 in Summonings
 60716 | Snake:4  | Noticed Aizul
 60860 | Snake:4  | Offered knowledge of Fire Storm by Vehumet.
 60860 | Snake:4  | Offered knowledge of Shatter by Vehumet.
 60860 | Snake:4  | Offered knowledge of Chain Lightning by Vehumet.
 60950 | Snake:4  | Noticed Asterion
 60982 | Snake:3  | Reached skill level 7 in Summonings
 61249 | Snake:4  | Killed Aizul
 61499 | Snake:4  | Killed Asterion
 61688 | Snake:4  | Reached skill level 8 in Summonings
 62273 | Snake:4  | Reached skill level 9 in Summonings
 62936 | Snake:4  | Reached skill level 10 in Summonings
 62936 | Snake:4  | Reached XP level 19. HP: 98/124 MP: 16/37
 63565 | Snake:4  | Reached skill level 9 in Dodging
 64309 | Snake:4  | Got a serpentine rune of Zot
 64609 | Vaults:1 | Entered Level 1 of the Vaults
 64647 | Vaults:1 | Reached skill level 10 in Dodging
 65160 | Vaults:1 | Found a magical portal.
 65169 | WizLab   | Entered Maxwell's Workshop
 65241 | WizLab   | Reached skill level 11 in Dodging
 66526 | WizLab   | Reached skill level 12 in Dodging
 66716 | WizLab   | HP: 9/124 [war gargoyle/spray of metal splinters (44)]
 66826 | WizLab   | Identified the +2 robe "Palobats" {Archmagi}
 66831 | WizLab   | Reached skill level 16 in Air Magic
 67460 | WizLab   | Noticed an electric golem
 67609 | WizLab   | Found the +3 warlock's mirror {reflect}
 67637 | WizLab   | Killed an electric golem
 67638 | WizLab   | Reached skill level 17 in Air Magic
 67974 | Vaults:1 | HP: 6/124 [yaktaur/bolt[a yaktaur captain] (21)]
 67976 | Vaults:1 | HP: 1/124 [ironbound frostheart/creeping frost (7)]
 67994 | Vaults:1 | Killed from afar by an ironbound frostheart

Vanquished Creatures
  An electric golem (WizLab)
  Rupert (Lair:6)
  Mlioglotl (Shoals:1)
  Asterion (Snake:4)
  2 krakens
  3 nagarajas (Snake:4)
  Ilsuiw (Shoals:2)
  A vault warden (Vaults:1)
  An orc warlord (Orc:2)
  2 ironbound preservers (WizLab)
  A stone giant (D:15)
  A war gargoyle (WizLab)
  4 ironbound thunderhulks (WizLab)
  A minotaur (Gauntlet)
  3 merfolk javelineers
  2 yaktaur captains
  14 merfolk impalers
  Josephine (Lair:6)
  An ettin (D:10)
  Fannar (Lair:3)
  4 peacekeepers (WizLab)
  4 catoblepae
  3 salamander tyrants
  2 vault guards (D:14)
  7 centaur warriors
  8 hydras
  9 naga warriors
  7 boulder beetles
  2 ironbound frosthearts (Vaults:1)
  2 merfolk avatars
  6 merfolk aquamancers
  6 anacondas
  A death knight (D:14)
  A satyr (Shoals:4)
  2 two-headed ogres
  An alligator snapping turtle (Shoals:4)
  5 death yaks (Lair:6)
  5 tengu warriors
  Nergalle (Lair:3)
  A soul eater (Gauntlet)
  13 naga sharpshooters
  5 shock serpents
  A flayed ghost (D:10)
  6 salamander mystics
  3 skeletal warriors
  6 sea snakes
  A sea snake (shapeshifter) (D:10)
  A deep elf zephyrmancer (D:10)
  4 wizards
  8 naga ritualists
  A deep elf pyromancer (D:10)
  An orc knight (Orc:2)
  A necromancer (D:14)
  3 fauns (Shoals:1)
  2 ironbound convokers (Vaults:1)
  20 manticores
  9 mana vipers
  14 ugly things
  15 harpies
  2 wolf spiders
  10 cyclopes
  11 salamanders
  A stone giant skeleton (Vaults:1)
  Maurice (D:12)
  2 moths of wrath (Gauntlet)
  36 black mambas
  3 centaur zombies (D:10)
  10 water nymphs
  6 guardian serpents
  10 merfolk sirens
  7 elephants
  3 ice statues (IceCv)
  7 molten gargoyles
  A vault sentinel (Vaults:1)
  12 naga magi
  10 gargoyles
  10 komodo dragons
  A kobold demonologist (D:12)
  13 cane toads
  An unseen horror (D:9)
  2 yaktaurs (D:14)
  An entropy weaver simulacrum (IceCv)
  An efreet (D:10)
  5 rime drakes
  5 freezing wraiths
  25 merfolk
  3 meliai (D:14)
  6 polar bears
  7 trolls
  8 wind drakes
  22 blink frogs
  A hornet (D:10)
  12 slime creatures
  12 snapping turtles
  A blink frog (shapeshifter) (D:15)
  A stone giant simulacrum (Vaults:1)
  14 dream sheep
  A centaur simulacrum (D:15)
  8 wraiths
  A shadow (D:12)
  18 water elementals
  A dire elephant simulacrum (IceCv)
  3 basilisks
  17 humans (D:14)
  4 fire elementals
  74 yaks
  Grum (D:9)
  5 wyverns
  2 fire bats (Lair:6)
  7 redbacks (Gauntlet)
  A basilisk (shapeshifter) (D:15)
  15 vampire mosquitoes
  2 wargs
  3 death yak simulacra (IceCv)
  39 nagas
  A naga (shapeshifter) (D:14)
  2 acid dragons
  18 water moccasins
  2 ice beasts
  40 orc warriors
  2 sky beasts
  A black bear (D:5)
  8 ogres
  16 wolves
  19 centaurs
  3 kobold brigands
  3 gnoll sergeants
  A scorpion (D:5)
  16 bullfrogs
  An earth elemental (WizLab)
  6 killer bees
  An elephant simulacrum (IceCv)
  4 wights (D:10)
  5 howler monkeys
  4 electric eels
  A bullfrog zombie (D:5)
  5 lava snakes (Lair:4)
  10 orc priests
  2 gnoll shamans (D:5)
  2 hounds (D:7)
  2 bullfrog skeletons
  4 iguanas
  19 orc wizards
  A lightning spire (WizLab)
  A polar bear simulacrum (IceCv)
  3 troll simulacra (D:11)
  A spriggan simulacrum (D:11)
  2 wolf simulacra (IceCv)
  A killer bee zombie (D:7)
  A howler monkey zombie (D:10)
  29 gnolls
  4 adders
  A naga simulacrum (D:11)
  4 shadow imps (Gauntlet)
  A white imp (D:6)
  An ufetubus (D:6)
  An adder skeleton (D:4)
  A worm (D:3)
  3 dart slugs
  61 orcs
  6 ball pythons
  4 endoplasms
  5 giant cockroaches
  9 goblins
  8 hobgoblins
  5 jackals
  5 quokkas
  3 bats (D:2)
  2 frilled lizards
  11 kobolds
  2 rats (D:2)
  A fire vortex (Lair:6)
  3 tentacles
1097 creatures vanquished.

Vanquished Creatures (collateral kills)
  A nagaraja (Snake:4)
  An angel (WizLab)
  Aizul (Snake:4)
  3 ironbound thunderhulks (WizLab)
  3 war gargoyles
  A crystal guardian (WizLab)
  2 yaktaur captains (Vaults:1)
  A naga warrior (Snake:4)
  An ironbound convoker (Vaults:1)
  A lindwurm (Vaults:1)
  A necromancer (Vaults:1)
  2 salamanders (Snake:4)
  A vault sentinel (Vaults:1)
  2 human skeletons (Vaults:1)
  A black mamba (Snake:4)
  2 gargoyles (WizLab)
  A molten gargoyle (WizLab)
  A yaktaur (Vaults:1)
  A human zombie (Vaults:1)
  A lightning spire (WizLab)
  A ball lightning (Lair:6)
29 creatures vanquished.

Vanquished Creatures (others)
  A gargoyle (WizLab)
  An orc wizard (Orc:2)
  An orc (Orc:2)
  38 ball lightnings
  14 demonic plants (Gauntlet)
  18 fulminant prisms
  57 fungi
  163 plants
  25 tentacles
318 creatures vanquished.

Grand Total: 1444 creatures vanquished

Table legend: (Time is in decaauts)
 A = Elapsed time spent in this place.
 B = Non-inter-level travel time spent in this place.
 C = Inter-level travel time spent in this place.
 D = Time resting spent in this place.
 E = Time spent auto-exploring this place.
 F = Levels seen in this place.
 G = Mean time per level.
                   A        B        C        D        E       F      G
               +--------+--------+--------+--------+--------+-----+--------+
         Total |  65363 |  60876 |   4487 |  28432 |  20413 |  37 | 1766.6 |
       Dungeon |  23552 |  21642 |   1910 |   7708 |   9832 |  15 | 1570.1 |
        Temple |    301 |    282 |     19 |      0 |    258 |   1 |  301.0 |
          Lair |  12986 |  11346 |   1640 |   4584 |   3792 |   6 | 2164.3 |
        Shoals |  10820 |  10396 |    424 |   5889 |   2842 |   4 | 2705.0 |
     Snake Pit |  10479 |  10090 |    389 |   6173 |   2575 |   4 | 2619.8 |
  Orcish Mines |   2434 |   2330 |    104 |   1087 |    590 |   2 | 1217.0 |
        Vaults |    312 |    312 |      0 |     90 |     18 |   1 |  312.0 |
      Ice Cave |    657 |    657 |      0 |    406 |     12 |   1 |  657.0 |
       Volcano |    491 |    491 |      0 |    288 |    133 |   1 |  491.0 |
        Wizlab |   2690 |   2690 |      0 |   1829 |    342 |   1 | 2690.0 |
      Gauntlet |    637 |    637 |      0 |    374 |     14 |   1 |  637.0 |
               +--------+--------+--------+--------+--------+-----+--------+

Top non-repeatable levels by time:
 Snake:3: 3617 daAuts
    D:10: 3498 daAuts
Shoals:1: 3335 daAuts
     D:9: 3146 daAuts
 Snake:2: 3000 daAuts
Shoals:3: 2784 daAuts
  WizLab: 2690 daAuts
Shoals:4: 2654 daAuts
  Lair:5: 2617 daAuts
  Lair:4: 2359 daAuts
  Lair:6: 2220 daAuts
  Lair:1: 2135 daAuts
Shoals:2: 2044 daAuts
 Snake:4: 2034 daAuts
  Lair:3: 1970 daAuts

Table legend:
 A = Non-vault XP
 B = Vault XP
 C = Vault XP percentage of total XP
 D = Non-vault monster count
 E = Vault monster count
 F = Vault count percentage of total count
                 A         B        C        D         E       F
            +---------+---------+-------+---------+---------+-------
      Total |  215716 |  156045 |  42.0 |     752 |     370 |  33.0
            +---------+---------+-------+---------+---------+-------
        D:1 |      38 |       0 |   0.0 |      19 |       0 |   0.0
        D:2 |     127 |       0 |   0.0 |      25 |       0 |   0.0
        D:3 |      79 |       0 |   0.0 |      16 |       0 |   0.0
        D:4 |     164 |      12 |   6.8 |      13 |       4 |  23.5
        D:5 |     889 |       0 |   0.0 |      21 |       0 |   0.0
        D:6 |     483 |       0 |   0.0 |      12 |       0 |   0.0
        D:7 |     807 |       0 |   0.0 |      19 |       0 |   0.0
        D:8 |    2711 |       0 |   0.0 |      19 |       0 |   0.0
        D:9 |    2455 |    1031 |  29.6 |      25 |       6 |  19.4
       D:10 |    2585 |   12241 |  82.6 |      18 |      28 |  60.9
       D:11 |    2764 |    1694 |  38.0 |      16 |      26 |  61.9
       D:12 |    7378 |     472 |   6.0 |      33 |       1 |   2.9
       D:13 |   10765 |       0 |   0.0 |      29 |       0 |   0.0
       D:14 |    7160 |    8885 |  55.4 |      14 |      27 |  65.9
       D:15 |    9356 |    2730 |  22.6 |      19 |       3 |  13.6
     Lair:1 |    8209 |       0 |   0.0 |      29 |       0 |   0.0
     Lair:2 |    4975 |       0 |   0.0 |      25 |       0 |   0.0
     Lair:3 |    5417 |    3375 |  38.4 |      21 |      10 |  32.3
     Lair:4 |    9349 |    4515 |  32.6 |      29 |      22 |  43.1
     Lair:5 |    8603 |    1833 |  17.6 |      30 |       5 |  14.3
     Lair:6 |    4418 |   15747 |  78.1 |      20 |      34 |  63.0
   Shoals:1 |   13008 |    2128 |  14.1 |      27 |       2 |   6.9
   Shoals:2 |   14630 |    4827 |  24.8 |      31 |       8 |  20.5
   Shoals:3 |   16283 |       0 |   0.0 |      38 |       0 |   0.0
   Shoals:4 |   12060 |   22262 |  64.9 |      28 |      35 |  55.6
    Snake:1 |   10346 |       0 |   0.0 |      24 |       0 |   0.0
    Snake:2 |   15759 |       0 |   0.0 |      33 |       0 |   0.0
    Snake:3 |   23593 |     169 |   0.7 |      45 |       1 |   2.2
    Snake:4 |   11979 |   25787 |  68.3 |      22 |      39 |  63.9
      Orc:1 |     827 |       0 |   0.0 |      16 |       0 |   0.0
      Orc:2 |    2374 |    4563 |  65.8 |      24 |      38 |  61.3
   Vaults:1 |    6125 |    6839 |  52.8 |      12 |       9 |  42.9
      IceCv |       0 |    3335 | 100.0 |       0 |      14 | 100.0
    Volcano |       0 |    1267 | 100.0 |       0 |       4 | 100.0
     WizLab |       0 |   27686 | 100.0 |       0 |      38 | 100.0
   Gauntlet |       0 |    4647 | 100.0 |       0 |      16 | 100.0
            +---------+---------+-------+---------+---------+-------
